 Dungeon Crawl Stone Soup version 0.29.1-13-g9f3cf754e1 (webtiles) character file.

Game seed: 13278571355193819256

1665 KittyFluff the Cudgeller (level 9, -10/82 HPs)
             Began as a Gargoyle Berserker on Jan 27, 2023.
             Was a Believer of Trog.
             Mangled by a wight
             ... wielding a +3 halberd
              (12 damage)
             ... on level 6 of the Dungeon.
             The game lasted 00:26:27 (6910 turns).

KittyFluff the Cudgeller (Gargoyle Berserker)       Turns: 6910, Time: 00:26:27

Health: -10/82     AC: 15    Str: 20    XL:     9   Next: 1%
Magic:  9/9        EV: 17    Int:  9    God:    Trog [**....]
Gold:   301        SH:  5    Dex: 13    Spells: 8/8 levels left

rFire   + . .      SeeInvis .   a - +0 mace
rCold   . . .      Faith    .   (no shield)
rNeg    + . .      Spirit   .   G - +2 leather armour {rF+}
rPois   ∞          Reflect  +   (no helmet)
rElec   +          Harm     .   I - +0 cloak
rCorr   .          Rampage  .   w - +0 pair of gloves
Will    .....                   g - +0 pair of boots
Stlth   ..........              M - amulet of reflection
HPRegen 0.23/turn               e - +4 ring of evasion
MPRegen 0.11/turn               (no ring)

@: berserking (expiring), very quick
A: sickness immunity, AC +6, negative energy resistance 1, electricity
resistance, torment resistance 1, petrification resistance
a: Renounce Religion, Berserk, Trog's Hand


You were on level 6 of the Dungeon.
You worshipped Trog.
Trog was pleased with you.
You visited 1 branch of the dungeon, and saw 6 of its levels.

You collected 301 gold pieces.

Inventory:

Hand Weapons
 a - a +0 mace (weapon)
 b - a +0 shortbow
 r - a +0 sling
 s - a +0 flail
 E - a +0 morningstar
Missiles
 h - 68 stones (quivered)
 p - a throwing net
 B - 11 poisoned darts
 H - 4 boomerangs
Armour
 d - a +0 chain mail
 g - a +0 pair of boots (worn)
 w - a +0 pair of gloves (worn)
 x - a +0 ring mail
 z - a +0 scale mail
 G - a +2 leather armour of fire resistance (worn)
 I - a +0 cloak (worn)
Jewellery
 e - a +4 ring of evasion (left hand)
 M - an amulet of reflection (around neck)
Wands
 j - a wand of roots (8)
 D - a wand of digging (9)
Scrolls
 i - 2 scrolls of butterflies
 m - 2 scrolls of blinking {unknown}
 n - 2 scrolls of fear {unknown}
 o - 2 scrolls of teleportation {unknown}
 t - a scroll of summoning {unknown}
 u - 2 scrolls of immolation {unknown}
 v - 3 scrolls of identify {unknown}
 y - a scroll of magic mapping {unknown}
 A - a scroll of vulnerability {unknown}
 C - 2 scrolls of poison {unknown}
 F - a scroll of enchant armour {unknown}
 K - 3 scrolls of amnesia {unknown}
Potions
 c - 4 potions of heal wounds {unknown}
 f - a potion of degeneration {unknown}
 k - 2 potions of mutation {unknown}
 l - 2 potions of curing {unknown}
 q - a potion of brilliance {unknown}
 J - a potion of attraction {unknown}
 L - a potion of invisibility {unknown}


   Skills:
 + Level 5.7 Fighting
 + Level 7.7 Maces & Flails
 * Level 5.6 Armour
 + Level 4.4 Dodging
 + Level 2.6 Stealth
 + Level 0.4 Shields


You had 8 spell levels left.
You didn't know any spells.
Your spell library was empty.

Dungeon Overview and Level Annotations

Branches:
Dungeon (6/15)
 Temple: D:4-7

Altars:
Ashenzari
Dithmenos
Elyvilon
Fedhas
Okawaru
Xom

Annotations:
D:4 2 runed translucent doors, SirLogeyBear's ghost, amateur HOBe


Innate Abilities, Weirdness & Mutations

You are immune to sickness and miasma.
Your stone body is resilient. (AC +6)
You are immune to poison.
You resist negative energy. (rN+)
You are resistant to electric shocks. (rElec)
You are resistant to unholy torment.
You are immune to petrification.


Message History

The sky beast misses you. The wight misses you.
The wight hits you with a +3 halberd.
* * * LOW HITPOINT WARNING * * *
You sock the ogre!
The ogre is heavily wounded.
The sky beast hits you but does no damage.
The wight hits you with a +5 battleaxe!
* * * LOW HITPOINT WARNING * * *
The ogre misses you.
You thump the ogre!
You kill the ogre!
Trog accepts your kill. The wight misses you.
You have reached level 9!
Your experience leads to an increase in your attributes!
Increase (S)trength, (I)ntelligence, or (D)exterity?
You feel agile. x2
You hit the wight but do no damage.
The wight is moderately damaged.
You block the sky beast's attack. The wight barely misses you.
The wight hits you with a +3 halberd.
* * * LOW HITPOINT WARNING * * *
You closely miss the wight.
The wight is moderately damaged.
You block the sky beast's attack. The wight hits you but does no damage.
You closely miss the wight.
The wight is moderately damaged.
The wight misses you.
You hit the wight.
The wight is heavily damaged.
The sky beast hits you but does no damage.
You block the wight's attack. The wight misses you.
You closely miss the wight.
The wight is heavily damaged.
The sky beast hits you but does no damage.
The wight hits you but does no damage.
You hit the wight but do no damage.
The wight is heavily damaged.
The wight hits you with a +3 halberd!
You die...

#...### #..)..#
##.....# .##
#..###'# .z...#
#..# .# .^....
#..# . ...###
#######.## ..
#........# .. .
#......@z# ...
##
#.....)Yz......
#..............
#.#............
.....####...#..
...## ##..#.
..# #.# .. ..


You could see a sky beast and 2 wights.

Vanquished Creatures
  Prince Ribbit (D:5)
  Eustachio (D:4)
  A water moccasin (D:6)
  A sky beast (D:6)
  A centaur (D:6)
  2 ogres
  3 scorpions
  A necrophage (D:3)
  2 wights
  A howler monkey (D:6)
  3 hounds
  An orc priest (D:5)
  2 iguanas (D:5)
  An orc wizard (D:5)
  9 gnolls
  14 adders
  3 worms
  A dart slug (D:3)
  15 orcs
  9 endoplasms
  6 giant cockroaches
  6 goblins
  8 hobgoblins
  4 jackals (D:4)
  13 kobolds
  A quokka (D:2)
  A ball python (D:3)
  2 bats
  2 frilled lizards
  5 rats
120 creatures vanquished.

Notes
Turn   | Place    | Note
-------+----------+-------------------------------------------
     0 | D:1      | KittyFluff the Gargoyle Berserker began the quest for the
                  | Orb.
     0 | D:1      | Reached XP level 1. HP: 14/14 MP: 1/1
   423 | D:1      | Reached XP level 2. HP: 19/19 MP: 2/2
   706 | D:1      | Found a faded altar of an unknown god.
  1297 | D:2      | Reached XP level 3. HP: 13/24 MP: 3/3
  1629 | D:2      | Reached XP level 4. HP: 28/29 MP: 4/4
  1939 | D:2      | Reached skill level 4 in Maces & Flails
  2084 | D:3      | Found a broken altar of Ashenzari.
  2088 | D:3      | Saw a vision of the Swamp and the Snake Pit.
  2088 | D:3      | Noticed a black mamba
  2088 | D:3      | Noticed a naga mage
  2088 | D:3      | Noticed a tyrant leech
  2088 | D:3      | Noticed a ghost crab
  2088 | D:3      | Noticed a bloated husk
  2089 | D:3      | Noticed a naga
  2089 | D:3      | Noticed a naga
  2090 | D:3      | Noticed a naga
  2091 | D:3      | Noticed a salamander
  2103 | D:3      | Found a blossoming altar of Fedhas.
  2870 | D:3      | Reached skill level 1 in Stealth
  2870 | D:3      | Reached XP level 5. HP: 8/33 MP: 5/5
  3654 | D:3      | Reached XP level 6. HP: 32/38 MP: 6/6
  3662 | D:3      | Reached ** piety under Trog
  3663 | D:3      | Reached skill level 5 in Maces & Flails
  3997 | D:5      | Entered Level 5 of the Dungeon
  4427 | D:4      | Found a runed translucent door.
  4431 | D:4      | Noticed Eustachio
  4562 | D:4      | Killed Eustachio
  4563 | D:4      | Reached XP level 7. HP: 42/44 MP: 7/7
  4623 | D:4      | Noticed SirLogeyBear's ghost (amateur HOBe)
  4672 | D:4      | Found a runed translucent door.
  5042 | D:5      | Reached skill level 6 in Maces & Flails
  5098 | D:5      | Reached skill level 5 in Fighting
  5327 | D:5      | Found an iron altar of Okawaru.
  5328 | D:5      | Noticed Prince Ribbit
  5348 | D:5      | Killed Prince Ribbit
  5349 | D:5      | Reached XP level 8. HP: 13/49 MP: 8/8
  6490 | D:6      | Reached skill level 5 in Armour
  6550 | D:6      | Found a shadowy altar of Dithmenos.
  6644 | D:6      | Reached skill level 7 in Maces & Flails
  6734 | D:6      | Found a shimmering altar of Xom.
  6734 | D:6      | Found a white marble altar of Elyvilon.
  6905 | D:6      | Reached XP level 9. HP: 5/55 MP: 9/9
  6905 | D:6      | HP: 2/82 [wight/+3 halberd (4)]
  6910 | D:6      | Mangled by a wight

Illustrated notes

Levels and vault maps discovered:
D:1:      dpeg_arrival_orchard, layout_basic,
          hellmonk_ecumenical_altar_prayer_group, minmay_liquid_box
D:2:      layout_loops_cross
D:3:      minmay_door_path, layout_basic, grunt_ashenzari_visionary
          [grunt_ashenzari_visionary_swamp, grunt_ashenzari_visionary_snake],
          fedhas_altar_3, minmay_joined_circles
D:4:      layout_cave_pools, ebering_ghost_sewer_f, minmay_circle_x,
          uniq_eustachio
D:5:      layout_loops_ring, mainiacjoe_overflow_alcove_2, uniq_prince_ribbit1
D:6:      layout_basic, hangedman_ru_absence,
          mainiacjoe_overflow_small_starburst, gammafunk_temple_overflow_statue,
          minmay_misc_feat_iff, chequers_jeans

Skill      XL: |  1  2  3  4  5  6  7  8 |
---------------+-------------------------+-----
Fighting       | 4 5 |  5.7
Maces & Flails | 4 5 6 7 |  7.7
Dodging        | 2 3 4 |  4.4
Armour         | 3 4 5 |  5.6
Stealth        | 1 2 |  2.6
Shields        | |  0.4

Action                   |  1- 3 |  4- 6 |  7- 9 || total
-------------------------+-------+-------+-------++-------
Melee: Mace              |   113 |   235 |   245 ||   593
       Punch             |       |       |     4 ||     4
Invok: Berserk           |       |     2 |     2 ||     4
Evoke: Wand              |       |     1 |       ||     1
  Use: Scroll            |       |     1 |       ||     1
 Stab: Sleeping          |       |     2 |       ||     2
Armor: Animal skin       |    31 |    23 |       ||    54
       Leather armour    |       |    67 |    84 ||   151
Dodge: Dodged            |    99 |   279 |   188 ||   566
Block: Other             |       |       |    12 ||    12
